 Dungeon Crawl Stone Soup version 0.20.0-15-g7f486f2 (webtiles) character file.

289 Chiseanne the Magician (level 6, 41/41 HPs)
             Began as a Demonspawn Wizard on June 15, 2017.
             Quit the game on level 2 of the Dungeon.
             The game lasted 00:03:34 (2845 turns).

Chiseanne the Magician (Demonspawn Wizard)          Turns: 2845, Time: 00:03:34

Health: 41/41      AC:  3    Str:  8    XL:     6   Next: 9%
Magic:  1/13       EV: 11    Int: 21    God:
Gold:   70         SH:  0    Dex: 11    Spells: 5/14 levels left

rFire    . . .     SeeInvis .   g - +0 hand axe
rCold    . . .     Gourm    .   (no shield)
rNeg     . . .     Faith    .   i - +0 leather armour
rPois    .         Spirit   .   b - +0 hat
rElec    .         Reflect  .   (no cloak)
rCorr    .         Harm     .   (no gloves)
MR       .....                  (no boots)
Stlth    +.........             (no amulet)
Regen    0.2/turn               (no ring)
MPRegen  0.2/turn               (no ring)

@: no status effects
A: antennae 1, powered by pain 2, spiny 1
a: no special abilities


You were on level 2 of the Dungeon.
You were not hungry.

You visited 1 branch of the dungeon, and saw 2 of its levels.

You collected 70 gold pieces.

Inventory:

Hand Weapons
 g - a +0 hand axe (weapon)
Missiles
 h - 124 stones (quivered)
Armour
 a - a +0 robe
 b - a +0 hat (worn)
 i - a +0 leather armour (worn)
Jewellery
 c - a +3 ring of dexterity {unknown}
 k - a +3 ring of intelligence {unknown}
 m - an uncursed ring of protection from magic {unknown}
Scrolls
 f - a scroll of identify {unknown}
 p - a scroll of remove curse {unknown}
 r - a scroll of random uselessness {unknown}
Potions
 e - a potion of lignification {unknown}
 l - 2 potions of degeneration {unknown}
 n - 3 potions of curing {unknown}
 o - a potion of brilliance {unknown}
Comestibles
 d - a bread ration
 j - a meat ration
 q - a chunk of flesh


   Skills:
 - Level 1.7 Dodging
 - Level 1.7 Stealth
 * Level 4.8 Spellcasting
 * Level 4.4 Conjurations
   Level 1.0 Summonings
 - Level 0.8 Translocations


You had 5 spell levels left.
You knew the following spells:

 Your Spells              Type           Power        Failure   Level  Hunger
a - Magic Dart            Conj           ###.         2%          1    None
b - Blink                 Tloc           N/A          17%         2    None
c - Conjure Flame         Conj/Fire      ##......     19%         3    ##.....
d - Mephitic Cloud        Conj/Pois/Air  ##......     26%         3    ##.....


Dungeon Overview and Level Annotations

Branches:
Dungeon (2/15)

Altars:


Innate Abilities, Weirdness & Mutations

You have a pair of small antennae on your head.
You sometimes gain power by taking damage.
You are partially covered in sharp spines.


Message History

Casting: Magic Dart
Confirm with . or Enter, or press ? or * to list all spells.
Aiming: Magic Dart
Press: ? - help, Shift-Dir - straight line, f/p - Crazy Yiuf
Aim: Crazy Yiuf, wielding a quarterstaff of chaos and wearing a glowing cloak (severely wounded, confused)
The magic dart hits Crazy Yiuf.
Crazy Yiuf is severely wounded.
Casting: Magic Dart
Confirm with . or Enter, or press ? or * to list all spells.
Aiming: Magic Dart
Press: ? - help, Shift-Dir - straight line, f/p - Crazy Yiuf
Aim: Crazy Yiuf, wielding a quarterstaff of chaos and wearing a glowing cloak (severely wounded, confused)
The magic dart hits Crazy Yiuf.
You kill Crazy Yiuf!
You have reached level 6!
Your experience leads to an increase in your attributes!
Increase (S)trength, (I)ntelligence, or (D)exterity?
You feel clever.
Your demonic ancestry asserts itself...
A pair of antennae grows on your head!
Are you sure you want to abandon this character and quit the game? (Confirm with "yes".)

....#######..........#
.....# ############
.#...#######
...>......'# #####
##########.# #..)# #.#
#..)# #.# ... #.# #'#
#.# ♣♣@♣ #.# ♣.♣♣ #.#
♣♣.♣ #.# ♣.♣♣ #.#
♣♣.♣♣ #.# ♣...♣♣ #.#
♣..PP♣ #.# #....#
#.###....#


There were no monsters in sight!

Vanquished Creatures
  Sigmund (D:2)
  A hound (D:1)
  Crazy Yiuf (D:2)
  3 adders (D:2)
  A worm (D:2)
  A leopard gecko (D:2)
  2 giant cockroaches
  5 goblins
  5 hobgoblins
  10 kobolds
  2 quokkas (D:2)
  5 bats
  6 frilled lizards
  8 rats
51 creatures vanquished.

Vanquished Creatures (others)
  5 toadstools (D:1)
5 creatures vanquished.

Grand Total: 56 creatures vanquished

Notes
Turn   | Place    | Note
-------+----------+-------------------------------------------
     0 | D:1      | Chiseanne the Demonspawn Wizard began the quest for the Orb.
     0 | D:1      | Reached XP level 1. HP: 13/13 MP: 4/4
   239 | D:1      | Gained mutation: You sometimes gain a little power by taking damage. [demonic ancestry]
   239 | D:1      | Reached XP level 2. HP: 4/19 MP: 0/6
  1395 | D:2      | Gained mutation: You are partially covered in sharp spines. [demonic ancestry]
  1395 | D:2      | Reached XP level 3. HP: 24/24 MP: 1/8
  1588 | D:2      | Found a runed door.
  2124 | D:2      | Noticed Sigmund
  2141 | D:1      | Learned a level 2 spell: Blink
  2145 | D:1      | Learned a level 3 spell: Conjure Flame
  2149 | D:1      | Learned a level 3 spell: Mephitic Cloud
  2192 | D:1      | Reached XP level 4. HP: 25/30 MP: 4/9
  2296 | D:2      | Killed Sigmund
  2296 | D:2      | Gained mutation: You sometimes gain power by taking damage. [demonic ancestry]
  2296 | D:2      | Reached XP level 5. HP: 35/35 MP: 0/11
  2497 | D:2      | Found a faded altar of an unknown god.
  2836 | D:2      | Noticed Crazy Yiuf
  2844 | D:2      | Killed Crazy Yiuf
  2844 | D:2      | Gained mutation: You have a pair of small antennae on your head. [demonic ancestry]
  2844 | D:2      | Reached XP level 6. HP: 41/41 MP: 0/13
  2845 | D:2      | Quit the game

Skill      XL: |  1  2  3  4 |
---------------+-------------+-----
Conjurations   | 2 3 4 |  4.4
Spellcasting   | 4 |  4.8
Dodging        | |  1.7
Stealth        | |  1.7
Summonings     | |  1.0
Translocations | |  0.8

Action                   |  1- 3 |  4- 6 || total
-------------------------+-------+-------++-------
Melee: Hand axe          |    36 |     4 ||    40
 Cast: Magic Dart        |    69 |    38 ||   107
       Mephitic Cloud    |       |     2 ||     2
       Conjure Flame     |       |     1 ||     1
  Use: Scroll            |     3 |       ||     3
  Eat: Chunk             |     2 |     4 ||     6
Armor: Leather armour    |     9 |       ||     9
Dodge: Dodged            |    23 |     1 ||    24
